 Dungeon Crawl Stone Soup version 0.19-a0-1195-ge0bab27 (webtiles) character file.

65 Gelly3 the Charmwright (level 4, -5/33 HPs)
             Began as a Merfolk Skald on Aug 19, 2016.
             Slain by Natasha (7 damage)
             ... on level 2 of the Dungeon.
             The game lasted 00:01:50 (822 turns).

Gelly3 the Charmwright (Merfolk Skald)               Turns: 822, Time: 00:01:51

Health: -5/33      AC:  3    Str: 12    XL:     4   Next: 14%
Magic:  0/7        EV: 11    Int: 11    God:
Gold:   42         SH:  0    Dex: 14    Spells: 3 memorised, 1 level left

rFire  . . .     SeeInvis .     a - +0 falchion
rCold  . . .     Gourm    .     b - +0 leather armour
rNeg   . . .     Faith    .     (no shield)
rPois  .         Spirit   .     (no helmet)
rElec  .         Dismiss  .     (no cloak)
rCorr  .         Reflect  .     (no gloves)
MR     .....     Harm     .     (no boots)
Stlth  +.........               (no amulet)
                                (no ring)
                                (no ring)

@: infused, slowed, very slow
A: change form in water, swift swim
a: no special abilities


You were on level 2 of the Dungeon.
You were not hungry.

You visited 1 branch of the dungeon, and saw 2 of its levels.

You collected 42 gold pieces.

Inventory:

Hand Weapons
 a - a +0 falchion (weapon)
Armour
 b - a +0 leather armour (worn)
Scrolls
 g - a scroll of identify {unknown}
Books
 c - a book of Battle
Comestibles
 d - 2 bread rations
 f - a slice of pizza
 h - a chunk of flesh


   Skills:
 - Level 2.1 Fighting
 + Level 2.1 Long Blades
 - Level 0.6 Armour
 - Level 1.3 Dodging
 - Level 2.0 Spellcasting
 - Level 5.3 Charms


You had one spell level left.
You knew the following spells:

 Your Spells              Type           Power        Failure   Level  Hunger
a - Infusion              Chrm           ##..         6%          1    ##.....
s - Shroud of Golubria    Chrm/Tloc      #.........   21%         2    ###....
z - Spectral Weapon       Hex/Chrm       #.......     38%         3    ####...


Dungeon Overview and Level Annotations

Branches:
Dungeon (2/15)

Altars:

Annotations:
D:2 Natasha


Message History

Ye feel sick.
Ye closely miss tha adder.
Tha adder barely misses ye.
Ye riposte.
Ye hit tha adder!
Tha adder be severely wounded.
Tha adder bites ye.
Ye hit tha adder.
Ye kill tha adder!
Ye feel sick.
Natasha casts a spell at ye.
Ye feel yerself slow down.
Ye hit Natasha.
Natasha be moderately wounded.
Natasha claws ye!
* * * LOW HITPOINT WARNIN'
* * * Unknown command.
It was a potion o' heal wounds.
Ye feel much better.
Natasha claws ye.
Natasha wildly gestures.
Ye feel disoriented.
Natasha barely misses ye.
Ye riposte.
Ye barely miss Natasha.
Natasha be moderately wounded.
Ye barely miss Natasha.
Natasha be moderately wounded.
Yer magical infusion be runnin' out.
Ye feel sick.
Natasha stares at ye an' mumbles some strange words.
Ye resist wit' significant effort.
Natasha barely misses ye.
Ye riposte.
Ye barely miss Natasha.
Natasha be moderately wounded.
Ye hit Natasha.
Natasha be heavily wounded.
Tha white imp disappears in a puff o' smoke!
Natasha stares at ye an' mumbles some strange words.
Ye feel as though ye will be slow longer.
Ye closely miss Natasha.
Natasha be heavily wounded.
Ye feel sick.
Natasha stares at ye an' mumbles some strange words.
Ye feel as though ye will be slow longer.
Natasha casts a spell at ye.
Ye resist wit' significant effort.
Ye slash Natasha!
Ye kill Natasha!
Natasha screams in pain as she dies!
Yer Charms skill increases ta level 5!
Ye haf reached level 4!
Ye be nay longer magic'lly infusin' yer attacks.
Unknown command.
Okay, than. 'tis spell be slightly dangerous ta cast.
Memorise Spectral Weapon, consumin' 3 spell levels an' leavin' 1?
Ye feel sick.
Ye be nay longer poison'd.
Ye start memorisin' tha spell.
Ye continue memorisin'. x3
Ye finish memorisin'.
Spell assign'd ta 'z'.
Unknown command.
Ye see 'ere an adder corpse.
Ye butcher tha adder corpse.
h - a chunk o' flesh Ye see 'ere an adder skeleton.
Unknown command.
Ye start restin'.
Natasha, Servant o' Life an' Death comes inta view.
Unknown command.
Castin': Infusion Confirm wit' . or Enter, or press ? or * ta list all spells.
Okay, than.
Natasha stares at ye an' mumbles some strange words.
Ye feel as though ye will be slow longer.
A giant cockroach comes inta view.
Ye hit Natasha.
Natasha be moderately wounded.
Natasha barely misses ye.
Natasha casts a spell at ye.
Tha magic dart hits ye!
Castin': Infusion Confirm wit' . or Enter, or press ? or * ta list all spells.
Ye begin infusin' yer attacks wit' magical energy.
Natasha casts a spell.
Ye hit Natasha.
Natasha be moderately wounded.
Natasha closely misses ye.
Natasha barely misses ye.
Ye hit Natasha.
Natasha be heavily wounded.
Natasha claws ye but does nay damage.
Natasha claws ye.
Ye hit Natasha.
Natasha be severely wounded.
Natasha claws ye. x2
Ye hit Natasha.
Natasha be almost dead.
Natasha claws ye.
Tha shadow imp picks up a beetle an' eats it.
Ye hit Natasha.
Natasha be almost dead.
Natasha closely misses ye.
Natasha claws ye!
* * * LOW HITPOINT WARNIN'
* * * Unknown command.
Ye hit Natasha but do nay damage.
Natasha be almost dead.
Natasha claws ye!
Ye die...

........#
........#
........#
...S....#
........#
#.## .#
#..##.#
##รท##.#
#@.#.#
##h#.#
#####5s.##
#........#
#.####...#
##..# #..#
###..###
#......#


You could see Natasha, a shadow imp and a giant cockroach.

Vanquished Creatures
  Natasha (D:2)
  2 adders (D:2)
  A dart slug (D:1)
  2 giant geckos (D:1)
  2 bats (D:1)
  3 goblins (D:1)
  2 hobgoblins (D:1)
  4 jackals (D:1)
  A rat (D:1)
18 creatures vanquished.

Notes
Turn   | Place    | Note
-------+----------+-------------------------------------------
     0 | D:1      | Gelly3 the Merfolk Skald began the quest for the Orb.
     0 | D:1      | Reached XP level 1. HP: 16/16 MP: 3/3
   140 | D:1      | Reached XP level 2. HP: 17/22 MP: 5/5
   198 | D:1      | Reached skill level 4 in Charms
   426 | D:1      | Learned a level 2 spell: Shroud of Golubria
   782 | D:2      | Noticed Natasha
   789 | D:2      | Reached XP level 3. HP: 27/27 MP: 0/6
   797 | D:2      | HP: 4/27 [Natasha (8)]
   802 | D:2      | Killed Natasha
   802 | D:2      | Reached skill level 5 in Charms
   802 | D:2      | Reached XP level 4. HP: 25/33 MP: 0/7
   807 | D:2      | Learned a level 3 spell: Spectral Weapon
   814 | D:2      | Noticed Natasha
   821 | D:2      | HP: 1/33 [Natasha (9)]
   822 | D:2      | Slain by Natasha

Vault maps used:
D:1:      scummos_arrival_checkerplants
D:2:      ecumenical_altar_1, uniq_natasha

Skill      XL: |  1  2  3 |
---------------+----------+-----
Charms         | 4 5 |  5.3
Fighting       | |  2.1
Long Blades    | |  2.1
Armour         | |  0.6
Dodging        | |  1.3
Spellcasting   | |  2.0

Action                   |  1- 3 |  4- 6 || total
-------------------------+-------+-------++-------
Melee: Falchion          |    73 |     7 ||    80
 Cast: Infusion          |     2 |     1 ||     3
       Shroud of Golubri |     1 |       ||     1
  Use: Potion            |     1 |       ||     1
Armor: Leather armour    |    15 |     1 ||    16
Dodge: Dodged            |    36 |     4 ||    40

Vault maps used:
D:1:      scummos_arrival_checkerplants
D:2:      ecumenical_altar_1, uniq_natasha

Table legend:
 A = Turns spent in this place as a percentage of turns spent in the entire game.
 B = Non-inter-level travel turns spent in this place as a percentage of non-inter-level travel turns spent in the entire game.
 C = Inter-level travel turns spent in this place as a percentage of turns spent in this place.
 D = Turns resting spent in this place as a percentage of non-inter-level travel turns spent in this place.
 E = Turns spent auto-exploring this place as a percentage of non-inter-level travel turns spent in this place.
 F = Non-inter-level travel turns spent in this place divided by the number of levels of this place that you've seen.
                   A       B       C       D       E      F
               +-------+-------+-------+-------+-------+----------------------
         Total | 100.0 | 100.0 |   0.6 |   5.8 |  10.5 |  85.5
       Dungeon | 100.0 | 100.0 |   0.6 |   5.8 |  10.5 |  85.5
               +-------+-------+-------+-------+-------+----------------------

Table legend:
 A = Kills in this place as a percentage of kills in entire the game.
 B = Kills by you in this place as a percentage of kills by you in the entire game.
 C = Kills by friends in this place as a percentage of kills by friends in the entire game.
 D = Other kills in this place as a percentage of other kills in the entire game.
 E = Experience gained in this place as a percentage of experience gained in the entire game.
 F = Experience gained in this place divided by the number of levels of this place that you have seen.
                   A       B       C       D       E      F
               +-------+-------+-------+-------+-------+----------------------
         Total | 100.0 | 100.0 |  -nan |  -nan | 100.0 |  47.0
       Dungeon | 100.0 | 100.0 |  -nan |  -nan | 100.0 |  47.0
               +-------+-------+-------+-------+-------+----------------------
